NWL (28 & UNDER)
CULVER CITY EXTRAS @ LA CROSSE LOGGERS
09/21/2027
 
TOP OF THE 1ST
Culver City Extras batting - Pitching for La Crosse Loggers : RHP Jack Hampton
Pitching: RHP Jack Hampton
Batting: RHB Augusto Trevino 0-0: Ball
1-0: Ball
2-0: Foul Ball, location: 2F
2-1: DOUBLE (Line Drive, 89XD)
Batting: RHB Horace Johnson 0-0: Ball
Augusto Trevino steals 3rd base
1-0: Ball
2-0: Called Strike
2-1: Ball
3-1: Swinging Strike
3-2: Ground out 5-3 (Groundball, 56)
Augusto Trevino scores
Batting: RHB Ramón Molina 0-0: Ball
1-0: Swinging Strike
1-1: Called Strike
1-2: Foul Ball, location: 2F
1-2: Ball
2-2: Strikes out swinging
Batting: LHB Randy Wiggins 0-0: Called Strike
0-1: Ball
1-1: Swinging Strike
1-2: Strikes out swinging
Top of the 1st over - 1 run(s), 1 hit(s), 0 error(s), 0 left on base; Culver City 1 - La Crosse 0
BOTTOM OF THE 1ST
La Crosse Loggers batting - Pitching for Culver City Extras : RHP Juan Rojas
Pitching: RHP Juan Rojas
Batting: RHB Aurelio Cruz 0-0: SINGLE (Groundball, 6) (infield hit)
Batting: SHB José González 0-0: Ball
1-0: Called Strike
1-1: Ball
2-1: Foul Ball, location: 2F
2-2: Strikes out looking
Batting: LHB Ramón Morales 0-0: Ball
1-0: Called Strike
Aurelio Cruz steals 2nd base
1-1: SINGLE (Line Drive, 7LS)
Aurelio Cruz to third
Batting: RHB Danny Campbell 0-0: Ball
1-0: Swinging Strike
1-1: Ball
2-1: Swinging Strike
2-2: Ball
3-2: Base on Balls
Ramón Morales to second
Batting: LHB Jeff Forsyth 0-0: Called Strike
0-1: Ball
1-1: Swinging Strike
1-2: Strikes out swinging
Batting: RHB Júlio Sánchez 0-0: Called Strike
0-1: Foul Ball, location: 2F
0-2: Reached on error, E3 (Groundball, 34)
Aurelio Cruz scores
Ramón Morales to third
Danny Campbell to second
Batting: LHB Ralph Cobb 0-0: Ball
1-0: Called Strike
1-1: Ball
2-1: Ball
3-1: Foul Ball, location: 2F
3-2: Fly out, F8 (Line Drive, 8RXD)
Bottom of the 1st over - 1 run(s), 2 hit(s), 1 error(s), 3 left on base; Culver City 1 - La Crosse 1
TOP OF THE 2ND
Culver City Extras batting - Pitching for La Crosse Loggers : RHP Jack Hampton
Batting: RHB Cooper Richard 0-0: Called Strike
0-1: Fly out, F9 (Flyball, 89M)
Batting: RHB Max Alexander 0-0: Ball
1-0: Ball
2-0: Foul Ball, location: 2F
2-1: Swinging Strike
2-2: Ball
3-2: Base on Balls
Batting: RHB Jesús Lara 0-0: Grounds into double play, 6-4-3 (Groundball, 6)
Top of the 2nd over - 0 run(s), 0 hit(s), 0 error(s), 0 left on base; Culver City 1 - La Crosse 1
BOTTOM OF THE 2ND
La Crosse Loggers batting - Pitching for Culver City Extras : RHP Juan Rojas
Batting: RHB Juan García 0-0: Ball
1-0: Ball
2-0: Swinging Strike
2-1: Ball
3-1: Called Strike
3-2: Base on Balls
Batting: RHB Peter Bryant 0-0: SINGLE (Groundball, 56D)
Juan García to second
Batting: RHB Aurelio Cruz 0-0: Fly out, F6 (Line Drive, 6)
Batting: SHB José González 0-0: Ball
1-0: Ball
2-0: Ball
3-0: Called Strike
3-1: Called Strike
3-2: Fly out, F9 (Line Drive, 9)
Batting: LHB Ramón Morales 0-0: Called Strike
0-1: Swinging Strike
0-2: Ball
1-2: Strikes out swinging
Bottom of the 2nd over - 0 run(s), 1 hit(s), 0 error(s), 2 left on base; Culver City 1 - La Crosse 1
TOP OF THE 3RD
Culver City Extras batting - Pitching for La Crosse Loggers : RHP Jack Hampton
Batting: RHB Bob Magee 0-0: Ball
1-0: Ball
2-0: Ball
3-0: Called Strike
3-1: Foul Ball, location: 2F
3-2: Base on Balls
Batting: RHB Shawn Gutiérrez 0-0: Ball
1-0: Swinging Strike
1-1: Ball
2-1: Swinging Strike
2-2: SINGLE (Line Drive, 6M)
Bob Magee to second
Batting: RHB Augusto Trevino 0-0: Called Strike
0-1: Ball
1-1: Foul Ball, location: 2F
1-2: Ball
2-2: Foul Ball, location: 2F
2-2: Fly out, F6 (Popup, 56D)
Batting: RHB Horace Johnson 0-0: Called Strike
0-1: Ball
1-1: Swinging Strike
1-2: Strikes out swinging
Batting: RHB Ramón Molina 0-0: Foul Ball, location: 2F
0-1: Foul Ball, location: 2F
0-2: Foul Ball, location: 2F
0-2: Ball
1-2: Foul Ball, location: 2F
1-2: Ball
2-2: Foul Ball, location: 2F
2-2: Ground out 3-1 (Groundball, 34)
Top of the 3rd over - 0 run(s), 1 hit(s), 0 error(s), 2 left on base; Culver City 1 - La Crosse 1
BOTTOM OF THE 3RD
La Crosse Loggers batting - Pitching for Culver City Extras : RHP Juan Rojas
Batting: RHB Danny Campbell 0-0: Ball
1-0: Ball
2-0: SINGLE (Line Drive, 8RS)
Batting: LHB Jeff Forsyth 0-0: Ball
1-0: Ball
2-0: Ball
3-0: Base on Balls
Danny Campbell to second
Batting: RHB Júlio Sánchez 0-0: Foul Ball, location: 2F
0-1: Ball
1-1: SINGLE (Line Drive, 4MD)
Danny Campbell to third
Jeff Forsyth to second
Batting: LHB Ralph Cobb 0-0: Grounds into double play, 6-4-3 (Groundball, 6)
Danny Campbell scores
Jeff Forsyth to third
Batting: RHB Juan García 0-0: Ball
1-0: Ball
2-0: Ball
3-0: Called Strike
3-1: Foul Ball, location: 2F
3-2: Foul Ball, location: 2F
3-2: Foul Ball, location: 2F
3-2: SINGLE (Groundball, 4D)
Jeff Forsyth scores
Batting: RHB Peter Bryant 0-0: Swinging Strike
0-1: Ground out 3-1 (Groundball, 34)
Bottom of the 3rd over - 2 run(s), 3 hit(s), 0 error(s), 1 left on base; Culver City 1 - La Crosse 3
TOP OF THE 4TH
Culver City Extras batting - Pitching for La Crosse Loggers : RHP Jack Hampton
Batting: LHB Randy Wiggins 0-0: Foul Ball, location: 2F
0-1: Foul Ball, location: 2F
0-2: Ball
1-2: SINGLE (Groundball, 56) (infield hit)
Batting: RHB Cooper Richard 0-0: Ball
1-0: Fly out, F8 (Flyball, 8LM)
Batting: RHB Max Alexander 0-0: Ball
1-0: Ball
2-0: Called Strike
Randy Wiggins steals 2nd base
2-1: Foul Ball, location: 2F
2-2: Foul Ball, location: 2F
2-2: Foul Ball, location: 2F
2-2: Fly out, F7 (Flyball, 7S)
Batting: RHB Jesús Lara 0-0: Ball
1-0: Ball
2-0: Called Strike
2-1: Ball
3-1: Foul Ball, location: 2F
3-2: Base on Balls
Batting: RHB Bob Magee 0-0: Ball
1-0: Ball
Wild Pitch!
Randy Wiggins to third
Jesús Lara to second
2-0: Called Strike
2-1: Ball
3-1: Base on Balls
Batting: RHB Shawn Gutiérrez 0-0: Foul Ball, location: 2F
0-1: Foul Ball, location: 2F
0-2: Strikes out swinging
Top of the 4th over - 0 run(s), 1 hit(s), 0 error(s), 3 left on base; Culver City 1 - La Crosse 3
BOTTOM OF THE 4TH
La Crosse Loggers batting - Pitching for Culver City Extras : RHP Juan Rojas
Batting: RHB Aurelio Cruz 0-0: Ball
1-0: Ball
2-0: Fly out, F8 (Flyball, 8RM)
Batting: SHB José González 0-0: Called Strike
0-1: Swinging Strike
0-2: Foul Ball, location: 2F
0-2: Foul Ball, location: 2F
0-2: Foul Ball, location: 2F
0-2: Ball
1-2: Strikes out swinging
Batting: LHB Ramón Morales 0-0: Ball
1-0: Ball
2-0: SINGLE (Groundball, 6D)
Batting: RHB Danny Campbell 0-0: Called Strike
0-1: Ball
1-1: Called Strike
1-2: Foul Ball, location: 2F
1-2: Ball
2-2: Strikes out swinging
Bottom of the 4th over - 0 run(s), 1 hit(s), 0 error(s), 1 left on base; Culver City 1 - La Crosse 3
TOP OF THE 5TH
Culver City Extras batting - Pitching for La Crosse Loggers : RHP Jack Hampton
Pitching: RHP Ray Adams
Batting: RHB Augusto Trevino 0-0: Called Strike
0-1: Ball
1-1: Ball
2-1: Foul Ball, location: 2F
2-2: Ball
3-2: DOUBLE (Line Drive, 9D)
Batting: RHB Horace Johnson 0-0: Ball
1-0: Ground out 5-3 (Groundball, 5L)
Batting: RHB Ramón Molina 0-0: SINGLE (Groundball, 6MD)
Augusto Trevino to third
Batting: LHB Randy Wiggins 0-0: Fly out, F8 (Flyball, 8LD)
Runner from 3rd tags up, SCORES, no throw
Batting: RHB Cooper Richard 0-0: Ball
Ramón Molina is caught stealing 2nd base
Top of the 5th over - 1 run(s), 2 hit(s), 0 error(s), 0 left on base; Culver City 2 - La Crosse 3
BOTTOM OF THE 5TH
La Crosse Loggers batting - Pitching for Culver City Extras : RHP Juan Rojas
Batting: LHB Jeff Forsyth 0-0: Ball
1-0: Foul Ball, location: 2F
1-1: Foul Ball, location: 2F
1-2: Strikes out swinging
Batting: RHB Júlio Sánchez 0-0: SINGLE (Line Drive, 4M)
Batting: LHB Ralph Cobb 0-0: Foul Ball, location: 2F
0-1: Ball
1-1: Foul Ball, location: 2F
1-2: Strikes out swinging
Pitching: LHP Orlando Morales
Batting: RHB Juan García 0-0: Ball
1-0: Foul Ball, location: 2F
1-1: Called Strike
1-2: Strikes out swinging
Bottom of the 5th over - 0 run(s), 1 hit(s), 0 error(s), 1 left on base; Culver City 2 - La Crosse 3
TOP OF THE 6TH
Culver City Extras batting - Pitching for La Crosse Loggers : RHP Ray Adams
Batting: RHB Cooper Richard 0-0: Foul Ball, location: 2F
0-1: Hit by Pitch
Batting: RHB Max Alexander 0-0: Swinging Strike
0-1: Ball
1-1: Ball
2-1: Swinging Strike
2-2: Fielders Choice at 2nd, 4-6 (Groundball, 4)
Batting: RHB Jesús Lara 0-0: Ball
1-0: Fielders Choice at 2nd, 6-4 (Groundball, 56)
Batting: RHB Bob Magee 0-0: Ball
1-0: Swinging Strike
1-1: Ball
2-1: Ball
3-1: Called Strike
3-2: Foul Ball, location: 2F
3-2: Base on Balls
Jesús Lara to second
Batting: RHB Shawn Gutiérrez 0-0: Ball
1-0: Called Strike
1-1: Fielders Choice at 2nd, 6-4 (Groundball, 6)
Top of the 6th over - 0 run(s), 0 hit(s), 0 error(s), 1 left on base; Culver City 2 - La Crosse 3
BOTTOM OF THE 6TH
La Crosse Loggers batting - Pitching for Culver City Extras : LHP Orlando Morales
Batting: RHB Peter Bryant 0-0: Ball
1-0: Swinging Strike
1-1: Called Strike
1-2: Ground out 5-3 (Groundball, 5)
Batting: RHB Aurelio Cruz 0-0: Ball
1-0: Called Strike
1-1: Swinging Strike
1-2: Foul Ball, location: 2F
1-2: Ground out U3 (Groundball, 34)
Batting: SHB José González 0-0: Ball
1-0: Ball
2-0: Ball
3-0: Base on Balls
Batting: LHB Ramón Morales 0-0: Ball
1-0: Swinging Strike
1-1: 2-RUN HOME RUN (Flyball, 89XD), Distance : 384 ft
Pitching: LHP Cliff Williams
Batting: RHB Danny Campbell 0-0: Called Strike
0-1: Ball
1-1: Foul Ball, location: 2F
1-2: Fly out, F4 (Popup, 4)
Bottom of the 6th over - 2 run(s), 1 hit(s), 0 error(s), 0 left on base; Culver City 2 - La Crosse 5
TOP OF THE 7TH
Culver City Extras batting - Pitching for La Crosse Loggers : RHP Ray Adams
Batting: RHB Augusto Trevino 0-0: Ball
1-0: Swinging Strike
1-1: Ball
2-1: Swinging Strike
2-2: Ball
3-2: Ground out 4-3 (Groundball, 4MD)
Batting: RHB Horace Johnson 0-0: Swinging Strike
0-1: Ball
1-1: Called Strike
1-2: Foul Ball, location: 2F
1-2: Strikes out looking
Batting: RHB Ramón Molina 0-0: Swinging Strike
0-1: Called Strike
0-2: Ball
1-2: Ball
2-2: Foul Ball, location: 2F
2-2: Foul Ball, location: 2F
2-2: Foul Ball, location: 2F
2-2: Strikes out swinging
Top of the 7th over - 0 run(s), 0 hit(s), 0 error(s), 0 left on base; Culver City 2 - La Crosse 5
BOTTOM OF THE 7TH
La Crosse Loggers batting - Pitching for Culver City Extras : LHP Cliff Williams
Batting: LHB Jeff Forsyth 0-0: Ball
1-0: Called Strike
1-1: Ball
2-1: Called Strike
2-2: Ball
3-2: Strikes out swinging
Batting: RHB Júlio Sánchez 0-0: Ball
1-0: SINGLE (Line Drive, 9S)
Batting: LHB Ralph Cobb 0-0: Called Strike
0-1: Called Strike
0-2: Ball
1-2: Foul Ball, location: 2F
1-2: Strikes out looking
Batting: RHB Juan García 0-0: Called Strike
0-1: Ball
1-1: Foul Ball, location: 2F
1-2: Ball
2-2: Strikes out looking
Bottom of the 7th over - 0 run(s), 1 hit(s), 0 error(s), 1 left on base; Culver City 2 - La Crosse 5
TOP OF THE 8TH
Culver City Extras batting - Pitching for La Crosse Loggers : RHP Ray Adams
Batting: LHB Randy Wiggins 0-0: Ball
1-0: Ball
2-0: Fly out, F9 (Flyball, 9LSF)
Batting: RHB Cooper Richard 0-0: Ball
1-0: Foul Ball, location: 2F
1-1: Ball
2-1: Ball
3-1: Base on Balls
Pitching: LHP Pablo Solíz
Batting: RHB Max Alexander 0-0: Ball
1-0: Called Strike
1-1: Ball
2-1: Called Strike
2-2: Strikes out looking
Batting: RHB Jesús Lara 0-0: Swinging Strike
0-1: Ball
1-1: Ball
2-1: Foul Ball, location: 2F
2-2: Strikes out swinging
Top of the 8th over - 0 run(s), 0 hit(s), 0 error(s), 1 left on base; Culver City 2 - La Crosse 5
BOTTOM OF THE 8TH
La Crosse Loggers batting - Pitching for Culver City Extras : LHP Cliff Williams
Batting: RHB Peter Bryant 0-0: Called Strike
0-1: Swinging Strike
0-2: Ball
1-2: Strikes out swinging
Batting: RHB Aurelio Cruz 0-0: SINGLE (Line Drive, 8RS)
Batting: SHB José González 0-0: Called Strike
0-1: Called Strike
0-2: Fielders Choice at 2nd, 3-6 (Groundball, 3)
Batting: LHB Ramón Morales 0-0: Ball
1-0: Ball
José González steals 2nd base
2-0: Foul Ball, location: 2F
2-1: TRIPLE (Flyball, 89D)
José González scores
Pinch Runner at 3rd Troy Reed:
Batting: RHB Danny Campbell 0-0: Swinging Strike
0-1: Foul Ball, location: 2F
0-2: Strikes out swinging
Bottom of the 8th over - 1 run(s), 2 hit(s), 0 error(s), 1 left on base; Culver City 2 - La Crosse 6
TOP OF THE 9TH
Culver City Extras batting - Pitching for La Crosse Loggers : LHP Pablo Solíz
Now in CF: Troy Reed
Batting: RHB Bob Magee 0-0: Foul Ball, location: 2F
0-1: Ball
1-1: Swinging Strike
1-2: Strikes out swinging
Batting: RHB Shawn Gutiérrez 0-0: Ball
1-0: Ball
2-0: SOLO HOME RUN (Flyball, 78XD), Distance : 378 ft
Batting: RHB Augusto Trevino 0-0: Ball
1-0: Foul Ball, location: 2F
1-1: Ball
2-1: Ball
3-1: Base on Balls
Pitching: RHP Derrick Hall
Batting: RHB Horace Johnson 0-0: Called Strike
0-1: Ball
1-1: SINGLE (Line Drive, 6MD)
Augusto Trevino to second
Runner from 2nd tries for 3rd, SAFE, throw made to third
Batting: RHB Ramón Molina 0-0: Swinging Strike
0-1: SINGLE (Flyball, 8LS)
Augusto Trevino scores
Horace Johnson to second
Batting: LHB Randy Wiggins 0-0: Called Strike
0-1: Ball
1-1: Foul Ball, location: 2F
1-2: Ball
2-2: Foul Ball, location: 2F
2-2: Foul Ball, location: 2F
2-2: Ball
3-2: SINGLE (Line Drive, 78M)
Horace Johnson to third
Ramón Molina to second
Pinch Hitting: RHB Tony Cruz 0-0: Foul Ball, location: 2F
0-1: Called Strike
0-2: Ball
1-2: Foul Ball, location: 2F
1-2: Foul Ball, location: 2F
1-2: SINGLE (Groundball, 6D)
Horace Johnson scores
Ramón Molina to third
Randy Wiggins to second
Batting: RHB Max Alexander 0-0: Ball
1-0: SINGLE (Groundball, 6MD)
Ramón Molina scores
Randy Wiggins to third
Tony Cruz to second
Runner from 3rd tries for Home, SAFE, no throw
Pitching: RHP Willie Alexander
Pinch Runner at 2nd Dave Anderson:
Batting: RHB Jesús Lara 0-0: Called Strike
0-1: Foul Ball, location: 2F
0-2: Ball
1-2: Ground out 5-3 (Groundball, 56S)
Dave Anderson to third
Max Alexander to second
Batting: RHB Bob Magee 0-0: Ball
1-0: Called Strike
1-1: Fly out, F9 (Flyball, 9LS)
Top of the 9th over - 5 run(s), 6 hit(s), 0 error(s), 2 left on base; Culver City 7 - La Crosse 6
BOTTOM OF THE 9TH
La Crosse Loggers batting - Pitching for Culver City Extras : LHP Cliff Williams
Pitching: LHP Henry Brown
Now at 3B: Artie Pennington
Now in RF: Daniel Santiago
Pinch Hitting: RHB Francisco Rodríguez 0-0: Ball
1-0: Ball
2-0: Ball
3-0: Called Strike
3-1: Base on Balls
Batting: RHB Júlio Sánchez 0-0: Sac Bunt - play at first, batter OUT! 1-3
Francisco Rodríguez to second
Pinch Hitting: RHB Mark Arnold 0-0: Ground out 5-3 (Groundball, 56)
Batting: RHB Juan García 0-0: Ball
1-0: Ball
2-0: Ball
3-0: Base on Balls
Batting: RHB Peter Bryant 0-0: Ball
1-0: Foul Ball, location: 2F
1-1: Fly out, F9 (Flyball, 9LM)
Bottom of the 9th over - 0 run(s), 0 hit(s), 0 error(s), 2 left on base; Culver City 7 - La Crosse 6
Thursday, March 30th, 2017 - OOTP Baseball 17.12 Build 75